 Dungeon Sprint DCSS version 0.14-a0-2542-g51e44bb (webtiles) character file.

160 Kae the Covert (level 4, 0/21 HPs)
             Began as a Spriggan Enchanter on Feb 10, 2014.
             Killed from afar by Sigmund (7 damage)
             ... with a wand of flame
             ... in the Dungeon (Sprint I: "Red Sonja").
             The game lasted 00:00:39 (269 turns).

Kae the Covert (Spriggan Enchanter)                  Turns: 269, Time: 00:00:39

HP   0/21        AC  3     Str  5      XL: 4   Next: 55%
MP  15/15        EV 18     Int 16      God:
Gold 54          SH  0     Dex 16      Spells:  1 memorised, 10 levels left

rFire  . . .     SeeInvis +     a - +1 dagger
rCold  . . .     Clarity  .     b - +1 robe
rNeg   . . .     Conserve .     (shield restricted)
rPois  .         rCorr    .     (helmet restricted)
rElec  .         rRot     .     (no cloak)
SustAb . .       Spirit   .     (gloves unavailable)
rMut   .         Warding  .     (boots unavailable)
Saprov . . .     NoTele   +     (no amulet)
MR     .....                    (no ring)
                                (no ring)

@: very quick, not resistant to hostile enchantments, very stealthy
A: unfitting armour, see invisible, herbivore 3, speed 3, slow metabolism 2
a: no special abilities


You were in the Dungeon.
You were not hungry.

You visited 1 branch You collected 54 gold pieces.

Inventory:

Hand weapons
 a - a +1,+1 dagger (weapon)
Missiles
 d - 12 darts (quivered)
Armour
 b - a +1 robe (worn)
Scrolls
 k - a scroll of blinking
Potions
 e - a potion of porridge
 f - a potion of curing
 g - a potion of heal wounds
 h - a potion of speed
 i - 2 potions of magic
Books
 c - a book of Maledictions

   Spells                             Type                      Level
   *Corona                            Hexes                        1
   Sure Blade                         Hexes/Charms                 2
   Ensorcelled Hibernation            Hexes/Ice                    2
   Confuse                            Hexes                        3
   Enslavement                        Hexes                        4
   Invisibility                       Hexes                        6


   Skills:
 * Level 6.3 Short Blades
 - Level 1.1 Throwing
 + Level 3.0 Dodging
 * Level 9.2 Stealth
 + Level 4.4 Spellcasting
 + Level 5.0 Hexes


You had 10 spell levels left.
You knew the following spells:

 Your Spells              Type           Power        Failure   Level  Hunger
a - Corona                Hex            ###....      1%          1    None


Dungeon Overview and Level Annotations

Branches:
Dungeon (1/1)

Altars:

Annotations:
D Sigmund


Innate Abilities, Weirdness & Mutations

You are tiny and cannot use many weapons and most armour.
You have supernaturally acute eyesight.
You are a herbivore.
You cover ground extremely quickly.
You need consume almost no food.


Message History

You hit Sigmund but do no damage. Sigmund hits you but does no damage.
You hit Sigmund but do no damage. You hit Sigmund but do no damage.
Sigmund flickers, as though insubstantial.
Sigmund zaps a wand.
The puff of flame hits you!
You are too injured to fight recklessly!
You are too injured to fight recklessly!
You are too injured to fight recklessly!
You are too injured to fight recklessly!
You are too injured to fight recklessly!
You are too injured to fight recklessly!
You are too injured to fight recklessly!
You are too injured to fight recklessly!
Unknown command.
There is an open door here.
You close the door.
Sigmund opens the door.
Sigmund zaps a wand.
The puff of flame misses you.
There is an open door here.
Sigmund zaps a wand.
The puff of flame hits you!
You die...

#############
#<.#.@'..#..+
#..'..#.)'@.#
#..#####'####
#..# #..#
#..# ####
#..# #⌠⌠#
####


You could see Sigmund.

Vanquished Creatures
  An ogre (D)
  Ijyb (D)
2 creatures vanquished.

Vanquished Creatures (others)
  A gargoyle (D)
1 creature vanquished.

Grand Total: 3 creatures vanquished

Notes
Turn   | Place    | Note
--------------------------------------------------------------
     0 | D        | Kae, the Spriggan Enchanter, began the quest for the Orb.
     0 | D        | Reached XP level 1. HP: 9/9 MP: 4/4
     2 | D        | Noticed Ijyb
    13 | D        | Killed Ijyb
    13 | D        | Reached skill level 4 in Short Blades
    13 | D        | Reached skill level 6 in Stealth
    13 | D        | Reached XP level 2. HP: 7/13 MP: 5/7
   150 | D        | Killed a gargoyle
   198 | D        | Noticed an ogre
   200 | D        | Killed an ogre
   200 | D        | Reached skill level 9 in Stealth
   200 | D        | Reached skill level 5 in Hexes
   200 | D        | Reached XP level 3. HP: 16/16 MP: 7/12
   200 | D        | Reached XP level 4. HP: 21/21 MP: 8/15
   256 | D        | Noticed Sigmund
   269 | D        | Killed from afar by Sigmund

Action                   |  1- 3 |  4- 6 || total
-------------------------+-------+-------++-------
Melee: Dagger            |     9 |     4 ||    13
 Cast: Corona            |     1 |     1 ||     2
  Use: Potion            |     1 |       ||     1
 Stab: Sleeping          |     1 |       ||     1
